 Dungeon Sprint DCSS version 0.17.1-1-g73c8601 (webtiles) character file.

333 Bane the Skirmisher (level 6, 45/55 HPs)
             Began as a Demonspawn Gladiator on Dec 20, 2015.
             Was a Follower of Okawaru.
             Starved to death
             ... in the Dungeon (Sprint IX: "|||||||||||||||||||||||||||||").
             The game lasted 00:03:54 (581 turns).

Bane the Skirmisher (Demonspawn Gladiator)           Turns: 581, Time: 00:03:54

Health: 45/55      AC: 15    Str: 18    XL:     6   Next: 27%
Magic:  6/6        EV: 14    Int: 12    God:    Okawaru [*.....]
Gold:   0          SH:  0    Dex: 16    Spells: 0 memorised, 5 levels left

rFire  . . .     SeeInvis .     n - +2 scimitar (flame)
rCold  . . .     Clarity  .     q - +2 ring mail
rNeg   . . .     SustAt   .     (no shield)
rPois  .         Gourm    .     c - +0 helmet
rElec  .         Spirit   .     o - +0 cloak
rCorr  .         Warding  .     p - +0 pair of gloves
rMut   .         NoTele   +     (no boots)
MR     .....                    (no amulet)
Stlth  +.........               s - +3 ring of dexterity
                                r - +3 ring of intelligence

@: fainting, not resistant to hostile enchantments, very unstealthy
A: hooves 1, molten scales 2
a: Heroism, Renounce Religion


You were in the Dungeon.
You worshipped Okawaru.
Okawaru was aware of your devotion.
You were fainting.

You visited 1 branch

Inventory:

Hand Weapons
 a - a +0 flail
 n - a +2 scimitar of flaming (weapon)
Missiles
 d - 3 throwing nets (quivered)
Armour
 b - a +0 leather armour
 c - a +0 helmet (worn)
 o - a +0 cloak (worn)
 p - a +0 pair of gloves (worn)
 q - a +2 ring mail (worn)
Jewellery
 r - a +3 ring of intelligence (left hand)
 s - a +3 ring of dexterity (right hand)
Wands
 m - a wand of draining (7)
Scrolls
 j - 3 scrolls of remove curse
 k - 2 scrolls of blinking
 l - 2 scrolls of amnesia
Potions
 f - a potion of invisibility
 g - 3 potions of heal wounds
 h - 4 potions of curing
 i - 4 potions of magic
Comestibles
 e - a bread ration


   Skills:
 + Level 7.4 Fighting
 + Level 4.1 Long Blades
 - Level 2.6 Maces & Flails
 - Level 1.7 Throwing
 + Level 6.4 Armour
 + Level 7.2 Dodging


You had 5 spell levels left.
You didn't know any spells.

Dungeon Overview and Level Annotations

Branches:
Dungeon (1/1)

Altars:
Cheibriados
Dithmenos
Elyvilon
Fedhas
Gozag
Kikubaaqudgha
Makhleb
Nemelex Xobeh
Okawaru
Qazlal
Ru
Sif Muna
Trog
Vehumet
Xom
Yredelemnul
Zin
The Shining One
Beogh
Jiyva
Lugonu


Innate Abilities, Weirdness & Mutations

You have large cloven feet.
You are mostly covered in molten scales (AC +3, EV -1).


Message History

You can now gain great but temporary skills.
Your Fighting skill increases to level 7!
Your Long Blades skill gained 2 levels and is now at level 4!
Your Armour skill increases to level 6!
Your Dodging skill increases to level 7!
You have reached level 6!
Your experience leads to an increase in your attributes!
Your base attributes are Str 17, Int 9, Dex 13.
Increase (S)trength, (I)ntelligence, or (D)exterity?
You feel stronger.
Your demonic ancestry asserts itself...
Your feet thicken and deform.
The hound bites you but does no damage.
You're too hungry.
You closely miss the hound. Your kick misses the hound.
The hound bites you but does no damage. The hound closely misses you.
You barely miss the hound. The hound misses you. The hound bites you.
You hit the hound. You burn the hound. You kick the hound, but do no damage.
The hound is heavily wounded.
You have starved to death.
You die... ▓▓▓▓▓▓▓▓▓▓▓▓▓▓▓▓▓▓▓▓▓▓▓▓ ....OZh@....)|..'_______ ▓▓▓▓▓▓▓▓▓▓▓▓▓▓▓▓▓▓▓▓▓▓▓▓

You could see an ogre, a hound and a bat zombie.

Vanquished Creatures
  A hungry ghost (D)
  An ogre (D)
  A phantom (D)
  A gnoll (D)
  An adder (D)
  An ooze (D)
  A giant gecko (D)
  A bat zombie (D)
  A giant cockroach (D)
  A giant newt (D)
  A kobold (D)
  2 rats (D)
13 creatures vanquished.

Notes
Turn   | Place    | Note
--------------------------------------------------------------
     0 | D        | Bane the Demonspawn Gladiator began the quest for the Orb.
     0 | D        | Reached XP level 1. HP: 16/16 MP: 1/1
    12 | D        | Reached skill level 3 in Dodging
    19 | D        | Gained mutation: You are partially covered in molten scales (AC +1). [demonic ancestry]
    19 | D        | Reached XP level 2. HP: 14/24 MP: 2/2
   170 | D        | Noticed a phantom
   182 | D        | Reached skill level 4 in Dodging
   187 | D        | Gained mutation: You are mostly covered in molten scales (AC +3, EV -1). [demonic ancestry]
   187 | D        | Reached XP level 3. HP: 12/30 MP: 3/3
   212 | D        | Killed a phantom
   212 | D        | Reached skill level 5 in Fighting
   212 | D        | Reached skill level 5 in Dodging
   212 | D        | Reached XP level 4. HP: 10/39 MP: 4/4
   437 | D        | Found a glowing silver altar of Zin.
   437 | D        | Found a glowing golden altar of the Shining One.
   437 | D        | Found an ancient bone altar of Kikubaaqudgha.
   437 | D        | Found a basalt altar of Yredelemnul.
   437 | D        | Found a shimmering altar of Xom.
   437 | D        | Found a radiant altar of Vehumet.
   438 | D        | Found an iron altar of Okawaru.
   439 | D        | Found a burning altar of Makhleb.
   440 | D        | Found a deep blue altar of Sif Muna.
   441 | D        | Found a bloodstained altar of Trog.
   442 | D        | Found a sparkling altar of Nemelex Xobeh.
   443 | D        | Found a white marble altar of Elyvilon.
   444 | D        | Found a roughly hewn altar of Beogh.
   445 | D        | Found a viscous altar of Jiyva.
   446 | D        | Found a corrupted altar of Lugonu.
   447 | D        | Found a blossoming altar of Fedhas.
   448 | D        | Found a snail-covered altar of Cheibriados.
   449 | D        | Found a shadowy altar of Dithmenos.
   450 | D        | Found a stormy altar of Qazlal.
   451 | D        | Found an opulent altar of Gozag.
   452 | D        | Found a sacrificial altar of Ru.
   529 | D        | Became a worshipper of Warmaster Okawaru
   554 | D        | Noticed an ogre
   554 | D        | Noticed a hound
   554 | D        | Noticed a hungry ghost
   554 | D        | Noticed an ogre
   561 | D        | Killed an ogre
   561 | D        | Reached skill level 6 in Fighting
   561 | D        | Reached skill level 5 in Armour
   561 | D        | Reached XP level 5. HP: 44/47 MP: 5/5
   578 | D        | Killed a hungry ghost
   578 | D        | Reached * piety under Okawaru
   578 | D        | Reached skill level 7 in Fighting
   578 | D        | Gained mutation: You have large cloven feet. [demonic ancestry]
   578 | D        | Reached XP level 6. HP: 48/55 MP: 6/6
   581 | D        | Starved to death

Action                   |  1- 3 |  4- 6 || total
-------------------------+-------+-------++-------
Melee: Flail             |    54 |       ||    54
       Scimitar          |       |    27 ||    27
  Use: Potion            |     3 |       ||     3
